 Dungeon Crawl Stone Soup version 0.30.0-30-g96aa6591b8 (webtiles) character file.

Game seed: 10932026600941380267

4626 cdecastro the Nimble (level 10, -2/118 HPs)
             Began as a Gnoll Wanderer on June 30, 2023.
             Was a Believer of Ashenzari.
             Slain by an orc knight
             ... wielding a +0 war axe
              (24 damage)
             ... in a bailey on July 1, 2023.
             The game lasted 00:28:58 (9580 turns).

cdecastro the Nimble (Gnoll Wanderer)               Turns: 9580, Time: 00:28:59

Health: -2/118     AC:  8    Str:  9    XL:     10   Next: 42%
Magic:  4/19       EV: 20    Int: 15    God:    Ashenzari [**....]
Gold:   105        SH:  0    Dex: 21    Spells: 13/22 levels left

rFire   + + .        b - +5 dagger (venom)
rCold   + . .        (no shield)
rNeg    . . .        q - +2 leather armour "Efaotisi" {rF++ Dex+6}
rPois   .            (no helmet)
rElec   .            i - +0 cloak of Ashenzari's Moon {Alch, Bglg} (curse)
rCorr   .            (no gloves)
SInv    +            w - +0 pair of boots of the Lashed Anxiety {Melee, Elem} (curse)
Will    .....        (no amulet) Stlth
                     A - ring of Cremastomancy {rC+, Self, Elem} (curse)
HPRegen 0.39/turn    (no ring)
MPRegen 0.16/turn

%: no passive effects
@: berserking (expiring), very quick
A: fangs 1, strong nose, distributed training
a: Renounce Religion, Curse Item, Shatter the Chains


You were in a bailey.
You worshipped Ashenzari.
Ashenzari was pleased with you.
You visited 2 branches of the dungeon, and saw 10 of its levels.
You also visited: Bailey.

You collected 420 gold pieces.
You spent 315 gold pieces at shops.

Inventory:

Hand Weapons
 a - a +0 sling
 b - a +5 dagger of venom (weapon)
 y - a +3 hand axe
Missiles
 f - 2 poisoned darts
 o - 14 boomerangs
 u - 5 datura-tipped darts
 E - a curare-tipped dart
Armour
 i - the cursed +0 cloak of Ashenzari's Moon (worn) {Alch, Bglg}
   (You found it on level 2 of the Dungeon)

   It has a curse which improves the following skills: Alchemy: Poison Magic and
   Transmutations.
   Beguiling: Conjurations, Hexes and Translocations.
 q - the +2 leather armour "Efaotisi" (worn) {rF++ Dex+6}
   (You found it on level 3 of the Dungeon)

   Dex:       It affects your dexterity (+6).
   rF:        It greatly protects you from fire.
 w - the cursed +0 pair of boots of the Lashed Anxiety (worn) {Melee, Elem}
   (You found it on level 4 of the Dungeon)

   It has a curse which improves the following skills: Melee Combat: Short
   Blades, Long Blades, Axes, Maces & Flails, Polearms, Staves and Unarmed
   Combat.
   Elements:  Fire Magic, Ice Magic, Air Magic and Earth Magic.
 G - a +0 pair of boots
Jewellery
 A - the cursed ring of Cremastomancy (left hand) {rC+, Self, Elem}
   (You found it on level 8 of the Dungeon)

   [ring of protection from cold]

   rC:        It protects you from cold.
   It has a curse which improves the following skills: Introspection: Fighting
   and Spellcasting.
   Elements:  Fire Magic, Ice Magic, Air Magic and Earth Magic.
Wands
 C - a wand of paralysis (16)
 F - a wand of flame (16)
 J - a wand of roots (4)
Scrolls
 d - 2 scrolls of fear
 e - 2 scrolls of amnesia
 h - 2 scrolls of poison
 j - a scroll of magic mapping
 s - 5 scrolls of teleportation
 x - 2 scrolls of blinking
 z - 3 scrolls of immolation
 I - 2 scrolls of fog
Potions
 c - 2 potions of lignification
 g - 3 potions of invisibility
 k - 2 potions of flight
 l - 4 potions of attraction
 m - 3 potions of curing
 n - a potion of berserk rage
 p - 2 potions of haste
 r - a potion of resistance
 t - a potion of brilliance
 v - 5 potions of heal wounds
 B - a potion of mutation
 D - a potion of ambrosia
 H - 2 potions of might


   Skills:
 + Level 6.1(7.3) Fighting
 + Level 5.4(6.6) Short Blades
 + Level 5.4(6.6) Long Blades
 + Level 5.4(6.6) Axes
 + Level 5.4(6.6) Maces & Flails
 + Level 5.4(6.6) Polearms
 + Level 5.4(6.6) Staves
 + Level 6.1 Ranged Weapons
 + Level 5.4 Throwing
 + Level 7.2 Armour
 + Level 11.7 Dodging
 + Level 6.0 Stealth
 + Level 5.4 Shields
 + Level 5.4(6.6) Unarmed Combat
 + Level 5.4(6.6) Spellcasting
 + Level 4.5(5.6) Conjurations
 + Level 4.5(5.6) Hexes
 + Level 4.5 Summonings
 + Level 4.5 Necromancy
 + Level 4.5(5.6) Translocations
 + Level 4.5(5.6) Transmutations
 + Level 4.5(6.1) Fire Magic
 + Level 4.5(6.1) Ice Magic
 + Level 4.5(6.1) Air Magic
 + Level 4.5(6.1) Earth Magic
 + Level 4.5(5.6) Poison Magic
 + Level 6.0 Invocations
 + Level 5.4 Evocations


You had 13 spell levels left.
You knew the following spells:

 Your Spells              Type           Power      Damage    Failure   Level
a - Poisonous Vapours     Pois/Air       44%        N/A       2%          2
b - Volatile Blastmotes   Fire/Tloc      44%        2d13      4%          3
c - Olgreb's Toxic Radia  Pois           21%        N/A       19%         4

Your spell library contained the following spells:

 Spells                   Type           Power      Damage    Failure   Level
 Sting                    Tmut/Pois      84%        1d7       1%          1
 Lesser Beckoning         Tloc           42%        N/A       2%          2
 Wereblood                Tmut           21%        N/A       2%          2
 Sublimation of Blood     Necr           18%        N/A       4%          2
 Gell's Gravitas          Tloc           21%        N/A       5%          3
 Teleport Other           Tloc           21%        N/A       5%          3
 Fulminant Prism          Conj/Hex       10%        3d9       19%         4
 Iskenderun's Mystic Bla  Conj/Tloc      21%        2d6       19%         4
 Lee's Rapid Deconstruct  Erth           11%        3d8*      36%         5
 Summon Hydra             Summ           9%         N/A       100%        7


Dungeon Overview and Level Annotations

Branches:
Dungeon (9/15)             Temple (1/1) D:6            Lair (0/5) D:8
 Bailey (1/1)
    Orc: D:9-12

Altars:
Ashenzari
Cheibriados
Dithmenos
Elyvilon
Fedhas
Gozag
Hepliaklqana
Kikubaaqudgha
Makhleb
Nemelex Xobeh
Okawaru
Qazlal
Ru
Sif Muna
Trog
Uskayaw
Vehumet
Wu Jian
Xom
Yredelemnul
Zin
The Shining One

Shops:
D:2 :([[   D:3 ?   D:7 !

Annotations:
D:6 2 runed translucent doors, jujuben's ghost, amateur TrHW
D:8 vault need dig


Innate Abilities, Weirdness & Mutations

You have very sharp teeth.
Your uncanny sense of smell can sniff out nearby items.
Your experience applies equally to all skills.


Message History

The orc knight is severely wounded.
You barely miss the orc knight.
The orc knight is severely wounded.
The kobold completely misses you.
The orc knight hits you with a +0 war axe!
* * * LOW HITPOINT WARNING * * *
The orc warrior hits you with a +0 broad axe!!
* * * LOW HITPOINT WARNING * * *
You puncture the orc knight!
The orc knight looks as sick as possible!
The orc knight is severely wounded.
Unknown command.
You closely miss the orc knight. Your punch misses the orc knight.
The orc knight is severely wounded.
The kobold barely misses you. The orc knight barely misses you.
The orc warrior hits you with a +0 broad axe!
* * * LOW HITPOINT WARNING * * *
Unknown command.
You closely miss the orc knight.
The orc knight is severely wounded.
Unknown command.
You hit the orc knight but do no damage.
The orc knight looks as sick as possible!
The orc knight is severely wounded.
The kobold misses you. The orc knight misses you.
Unknown command.
You puncture the orc warrior!
The orc warrior is poisoned.
The orc warrior is moderately wounded.
The orc warrior closely misses you.
Unknown command.
You completely miss the orc warrior.
The orc warrior is heavily wounded.
Unknown command.
You puncture the orc warrior!
The orc warrior looks as sick as possible!
Your bite misses the orc warrior.
The orc warrior is almost dead.
The kobold misses you.
The orc knight hits you with a +0 war axe!!
You die...

#~~~~~#.........## ~
#~~~~~#..........#≈≈♣
'....†'....8..8..#≈≈♣
#########........#≈≈♣
# ~ ~##...†..##≈≈♣ *
, ∆ #.....##...♣ ,, ,
.!~#....##....♣ 8,
8.8##....#o....♣♣ ,
..o#.....'o@....♣
....#.....)K..∩.∩♣ ,
....#.....'......♣ ,
.8.8##....#.....♣♣
...!~#....##....♣ *
..=~#.....##...♣
~~*#.....,##≈≈♣
#....., #≈≈♣ ,...8, ,
#≈≈♣


You could see an orc knight (extremely poisoned), an orc warrior (strong,
extremely poisoned) and a kobold.

Vanquished Creatures
  A wyvern (D:8)
  5 yaks (D:8)
  2 steam dragons
  A water moccasin (D:7)
  4 ice beasts
  3 black bears
  2 orc warriors
  A sky beast (D:8)
  4 ogres
  A centaur (D:8)
  A phantom (D:5)
  2 bullfrogs
  A kobold brigand (D:6)
  Blork the orc (D:6)
  6 scorpions
  An electric eel (D:8)
  5 hounds
  2 gnoll boudas (D:7)
  6 orc priests
  4 jellies
  5 iguanas
  10 orc wizards
  2 sleepcaps (D:6)
  13 gnolls
  10 adders
  An ufetubus (D:4)
  3 adder skeletons (D:2)
  2 adder zombies (D:2)
  A worm (D:3)
  3 dart slugs
  38 orcs
  5 ball pythons
  6 bat skeletons (D:2)
  A bat zombie (D:2)
  9 endoplasms
  2 giant cockroaches
  7 goblins
  6 hobgoblins
  4 jackals
  6 quokkas
  A ball python skeleton (D:2)
  A ball python zombie (D:2)
  3 bats
  2 giant cockroach zombies (D:2)
  16 kobolds
  2 quokka skeletons (D:2)
  3 rats
215 creatures vanquished.

Notes
Turn   | Place    | Note
-------+----------+-------------------------------------------
     0 | D:1      | Reached skill level 10 in Dodging
     0 | D:1      | cdecastro the Gnoll Wanderer began the quest for the Orb.
     0 | D:1      | cdecastro set off with the following items: a +0 sling, a
                  | +2 leather armour, a potion of lignification, a scroll of
                  | fear.
     0 | D:1      | Reached XP level 1. HP: 17/17 MP: 1/1
   160 | D:1      | Reached XP level 2. HP: 23/23 MP: 2/2
   572 | D:1      | Reached XP level 3. HP: 28/28 MP: 3/3
   950 | D:2      | Found Pulobliq's Armour Shop.
   955 | D:2      | Reached skill level 1 in Invocations
  1120 | D:2      | Reached skill level 1 in Short Blades
  1120 | D:2      | Reached skill level 1 in Long Blades
  1120 | D:2      | Reached skill level 1 in Axes
  1120 | D:2      | Reached skill level 1 in Maces & Flails
  1120 | D:2      | Reached skill level 1 in Polearms
  1120 | D:2      | Reached skill level 1 in Staves
  1120 | D:2      | Reached skill level 1 in Throwing
  1120 | D:2      | Reached skill level 1 in Shields
  1120 | D:2      | Reached skill level 1 in Unarmed Combat
  1120 | D:2      | Reached skill level 1 in Spellcasting
  1120 | D:2      | Reached skill level 1 in Evocations
  1257 | D:2      | Reached XP level 4. HP: 25/34 MP: 5/5
  1401 | D:2      | Reached skill level 1 in Conjurations
  1401 | D:2      | Reached skill level 1 in Hexes
  1401 | D:2      | Reached skill level 1 in Summonings
  1401 | D:2      | Reached skill level 1 in Necromancy
  1401 | D:2      | Reached skill level 1 in Translocations
  1401 | D:2      | Reached skill level 1 in Transmutations
  1401 | D:2      | Reached skill level 1 in Fire Magic
  1401 | D:2      | Reached skill level 1 in Ice Magic
  1401 | D:2      | Reached skill level 1 in Air Magic
  1401 | D:2      | Reached skill level 1 in Earth Magic
  1401 | D:2      | Reached skill level 1 in Poison Magic
  1593 | D:2      | Found Bexihekli's Armour Boutique.
  1664 | D:2      | Found Ucug's Book Boutique.
  1669 | D:2      | Found Koboon's Antique Weapon Shoppe.
  1690 | D:2      | Found a blossoming altar of Fedhas.
  1948 | D:2      | Reached XP level 5. HP: 40/40 MP: 7/7
  2046 | D:3      | Identified the +2 leather armour "Efaotisi" {rF++ Dex+6}
  2327 | D:3      | Reached XP level 6. HP: 35/47 MP: 8/8
  2369 | D:3      | Found Qorphi's Magic Scroll Shoppe.
  2378 | D:3      | Bought a scroll of identify for 24 gold pieces
  2378 | D:3      | Bought a scroll of teleportation for 36 gold pieces
  2459 | D:3      | Reached skill level 5 in Armour
  3211 | D:4      | Found a white marble altar of Elyvilon.
  3415 | D:4      | Found a blossoming altar of Fedhas.
  3738 | D:5      | Entered Level 5 of the Dungeon
  3761 | D:5      | Reached XP level 7. HP: 52/52 MP: 10/10
  4548 | D:5      | Reached XP level 8. HP: 60/60 MP: 12/12
  4999 | D:5      | Reached skill level 11 in Dodging
  5355 | D:6      | Found a runed translucent door.
  5363 | D:6      | Noticed jujuben's ghost (amateur TrHW)
  5386 | D:6      | Found a runed translucent door.
  5442 | D:6      | Noticed Blork the orc
  5457 | D:6      | Killed Blork the orc
  5528 | D:6      | Found a staircase to the Ecumenical Temple.
  5647 | Temple   | Entered the Ecumenical Temple
  5653 | Temple   | Became a worshipper of Ashenzari the Shackled
  5828 | Temple   | Reached XP level 9. HP: 66/66 MP: 14/14
  6058 | D:6      | Reached skill level 5 in Fighting
  6058 | D:6      | Reached skill level 5 in Ranged Weapons
  6398 | D:6      | Reached skill level 5 in Stealth
  6974 | D:7      | Reached skill level 5 in Invocations
  7180 | D:7      | Found Riarul's Distillery.
  7252 | D:7      | Bought a potion of might for 60 gold pieces
  7252 | D:7      | Bought a potion of heal wounds for 75 gold pieces
  7252 | D:7      | Bought a potion of invisibility for 120 gold pieces
  7512 | D:7      | Reached * piety under Ashenzari
  7892 | D:7      | Found a shimmering altar of Xom.
  8204 | D:8      | Found a staircase to the Lair.
  8241 | D:8      | Found a bloodstained altar of Trog.
  8249 | D:8      | Learned a level 2 spell: Poisonous Vapours
  8253 | D:8      | Learned a level 3 spell: Volatile Blastmotes
  8276 | D:8      | Found a shadowy altar of Dithmenos.
  8458 | D:8      | Reached ** piety under Ashenzari
  8517 | D:8      | Learned a level 4 spell: Olgreb's Toxic Radiance
  8605 | D:8      | Found an ancient bone altar of Kikubaaqudgha.
  8733 | D:8      | Reached skill level 5 in Short Blades
  8733 | D:8      | Reached skill level 5 in Long Blades
  8733 | D:8      | Reached skill level 5 in Axes
  8733 | D:8      | Reached skill level 5 in Maces & Flails
  8733 | D:8      | Reached skill level 5 in Polearms
  8733 | D:8      | Reached skill level 5 in Staves
  8733 | D:8      | Reached skill level 5 in Throwing
  8733 | D:8      | Reached skill level 5 in Shields
  8733 | D:8      | Reached skill level 5 in Unarmed Combat
  8733 | D:8      | Reached skill level 5 in Spellcasting
  8733 | D:8      | Reached skill level 5 in Evocations
  8733 | D:8      | Reached XP level 10. HP: 77/77 MP: 19/19
  9409 | D:9      | Found a flagged portal.
  9464 | Bailey   | Entered a bailey
  9485 | Bailey   | Noticed an orc warlord
  9526 | Bailey   | Noticed an orc knight
  9580 | Bailey   | Slain by an orc knight

Illustrated notes

Levels and vault maps discovered:
D:1:      lemuel_arrival_muddy, layout_basic, minmay_misc_feat_room,
          serial_bayou_crossing
D:2:      layout_basic, serial_shops, nicolae_shop_waterfront,
          nicolae_shop_tiny_statue_garden, nicolae_shop_behind_doors, shop,
          basic_altar, serial_undead, serial_undead_e, serial_undead_d,
          serial_undead_f, serial_undead_f, serial_undead_e, serial_undead_a,
          serial_undead_b, serial_undead_d, serial_undead_a, serial_undead_f,
          kennysheep_nondescript
D:3:      layout_rooms, serial_shops, shop, amethyst_killhole
D:4:      nicolae_BIG_FREAKIN_CUBE, layout_basic, pf_just_have_faith,
          elyvilon_altar_1, patterned_corridor
D:5:      layout_loops_ring, minivault_27, kennysheep_opposing_triangles
D:6:      layout_gridville, minmay_temple_entry_mist, ebering_ghost_sewer_f,
          uniq_blork_the_orc
D:7:      black_bear_nest_2, layout_basic, old_standard_altar, serial_shops,
          nicolae_inconvenience_store
D:8:      layout_basic, trog_antimagical,
          nicolae_dithmenos_through_a_glass_darkly,
          lemuel_coloured_pillars_altar, lair_entry_dummy, due_unseen_surprise
D:9:      layout_small_grid, enter_bailey_3
Temple:   eino_temple_rhombus
Bailey:   bailey_axe_bossmonster_kennysheep, bailey

Skill      XL: |  1  2  3  4  5  6  7  8  9 10 |
---------------+-------------------------------+-----
Dodging        | 11 | 11.7
Invocations    | 1 2 3 4 5 6 |  6.0
Short Blades   | 1 2 3 5 |  5.4
Long Blades    | 1 2 3 5 |  5.4
Axes           | 1 2 3 5 |  5.4
Maces & Flails | 1 2 3 5 |  5.4
Polearms       | 1 2 3 5 |  5.4
Staves         | 1 2 3 5 |  5.4
Throwing       | 1 2 3 5 |  5.4
Shields        | 1 2 3 5 |  5.4
Unarmed Combat | 1 2 3 5 |  5.4
Spellcasting   | 1 2 3 5 |  5.4
Evocations     | 1 2 3 5 |  5.4
Conjurations   | 1 2 3 4 |  4.5
Hexes          | 1 2 3 4 |  4.5
Summonings     | 1 2 3 4 |  4.5
Necromancy     | 1 2 3 4 |  4.5
Translocations | 1 2 3 4 |  4.5
Transmutations | 1 2 3 4 |  4.5
Fire Magic     | 1 2 3 4 |  4.5
Ice Magic      | 1 2 3 4 |  4.5
Air Magic      | 1 2 3 4 |  4.5
Earth Magic    | 1 2 3 4 |  4.5
Poison Magic   | 1 2 3 4 |  4.5
Fighting       | 3 4 5 6 |  6.1
Ranged Weapons | 3 4 5 6 |  6.1
Stealth        | 3 4 5 6 |  6.0
Armour         | 5 6 7 |  7.2

Action                     |  1- 3 |  4- 6 |  7- 9 | 10-12 || total
---------------------------+-------+-------+-------+-------++-------
  Melee: Hand axe          |       |       |    58 |       ||    58
         Sling             |       |       |     2 |       ||     2
         Dagger            |       |       |   249 |    70 ||   319
         Bite              |       |       |    28 |     9 ||    37
         Punch             |       |       |    12 |     2 ||    14
   Fire: Sling             |   134 |   295 |   256 |     4 ||   689
   Cast: Olgreb's Toxic Ra |       |       |       |     9 ||     9
         Volatile Blastmot |       |       |       |     3 ||     3
 Invoke: Curse Item        |       |       |     3 |       ||     3
    Use: Scroll            |       |     5 |       |       ||     5
         Potion            |       |       |       |     1 ||     1
   Stab: Sleeping          |       |       |     2 |     2 ||     4
 Armour: Leather armour    |    11 |    47 |    81 |     7 ||   146
  Dodge: Dodged            |    68 |   202 |   285 |    55 ||   610
